 Dungeon Crawl Stone Soup version 0.29.1-2-gbd0b4ee654 (webtiles) character file.

Game seed: 96120146496816431

6 nshep25 the Shield-Bearer (level 1, -4/20 HPs)
             Began as a Minotaur Fighter on Nov 10, 2022.
             Slain by Crazy Yiuf
             ... wielding a +2 quarterstaff of chaos
              (6 damage)
             ... on level 2 of the Dungeon.
             The game lasted 00:00:50 (634 turns).

nshep25 the Shield-Bearer (Minotaur Fighter)         Turns: 634, Time: 00:00:52

Health: -4/20      AC:  7    Str: 20    XL:     1   Next: 75%
Magic:  0/0        EV:  6    Int:  5    God:
Gold:   23         SH:  4    Dex:  9    Spells: 0/0 levels left

rFire   . . .      SeeInvis .   a - +0 war axe
rCold   . . .      Faith    .   c - +0 buckler
rNeg    . . .      Spirit   .   b - +0 scale mail
rPois   .          Reflect  .   (helmet restricted)
rElec   .          Harm     .   (no cloak)
rCorr   .          Rampage  .   (no gloves)
Will    .....                   (no boots)
Stlth   ..........              (no amulet)
HPRegen 0.06/turn               (no ring)
MPRegen 0.07/turn               (no ring)

@: grasped by roots, constricted
A: horns 2, retaliatory headbutt
a: no special abilities


You were on level 2 of the Dungeon.
You visited 1 branch of the dungeon, and saw 2 of its levels.

You collected 23 gold pieces.

Inventory:

Hand Weapons
 a - a +0 war axe (weapon)
Armour
 b - a +0 scale mail (worn)
 c - a +0 buckler (worn)
Jewellery
 g - a ring of wizardry
Scrolls
 e - 2 scrolls of magic mapping {unknown}
 f - 2 scrolls of identify {unknown}
Potions
 d - a potion of might
 h - 3 potions of heal wounds {unknown}
 i - 3 potions of haste {unknown}


   Skills:
 + Level 3.7 Fighting
 + Level 2.5 Axes
 + Level 3.7 Armour
 + Level 3.8 Shields


You couldn't memorise any spells.
You didn't know any spells.
Your spell library contained the following spells:

 Spells                   Type           Power      Damage    Failure   Level
 Sandblast                Erth           0%         2d4       89%         1
 Passwall                 Tmut/Erth      0%         N/A       96%         2
 Stone Arrow              Conj/Erth      0%         3d7       99%         3


Dungeon Overview and Level Annotations

Branches:
Dungeon (2/15)

Altars:

Annotations:
D:2 Crazy Yiuf


Innate Abilities, Weirdness & Mutations

You have a pair of horns on your head.
You reflexively headbutt those who attack you in melee.


Message History

The rat closely misses you.
You closely miss the rat. You block the rat's attack.
The rat barely misses you. You furiously retaliate!
You headbutt the rat.
You kill the rat!
You see here a rat corpse.
You see here a rat corpse.
e - 2 scrolls labelled ECATTY LUPEUVE (gained 1)
h - 3 clear potions (gained 1)
You open the door.
Found a faded altar of an unknown god.
There is an open door here.
You now have 23 gold pieces (gained 10).
There is a faded altar of an unknown god here.
There is a faded altar of an unknown god here.
There is an open door here.
There is an escape hatch in the floor here.
You open the door.
Done exploring.
Done exploring.
There is a stone staircase leading down here.
You climb downwards.
Found a scale mail.
There is a stone staircase leading up here.
Found a hammer.
Found a runed translucent door.
Crazy Yiuf shouts!
As you open the door, it creaks loudly!
You closely miss Crazy Yiuf. Crazy Yiuf closely misses you.
You hit Crazy Yiuf.
You headbutt Crazy Yiuf, but do no damage.
Crazy Yiuf is moderately wounded.
Crazy Yiuf zaps a wand.
The roots erupt in riotous growth!
The grasping roots grab you!
Crazy Yiuf is unaffected.
The grasping roots constrict you.
You barely miss Crazy Yiuf.
Crazy Yiuf is moderately wounded.
Crazy Yiuf hits you with a +2 quarterstaff of chaos!
The grasping roots constrict you.
* * * LOW HITPOINT WARNING * * *
Crazy Yiuf hits you with a +2 quarterstaff of chaos.
You die...

#....####.....
##..## ....
♣....♣ ..#
♣...♣♣ ##
♣♣.♣♣ ♣.♣♣
♣♣.♣ ♣.♣♣ ♣♣@♣
#g# ... #...#
#..)# #####


You could see Crazy Yiuf.

Vanquished Creatures
  A dart slug (D:1)
  An endoplasm (D:1)
  A bat (D:1)
  A kobold (D:1)
  A rat (D:1)
5 creatures vanquished.

Notes
Turn   | Place    | Note
-------+----------+-------------------------------------------
     0 | D:1      | nshep25 the Minotaur Fighter began the quest for the Orb.
     0 | D:1      | Reached XP level 1. HP: 19/19 MP: 0/0
   521 | D:1      | Found a faded altar of an unknown god.
   627 | D:2      | Found a runed translucent door.
   628 | D:2      | Noticed Crazy Yiuf
   634 | D:2      | Slain by Crazy Yiuf

Illustrated notes

Levels and vault maps discovered:
D:1:      mainiacjoe_arrival_reflecting_pool, layout_basic,
          shapermc_ecumenical_altar_flowoftime
D:2:      layout_rooms, amcnicky_mini_pool_small, uniq_crazy_yiuf_cottage,
          uniq_natasha

Action                   || total
-------------------------++-------
Melee: War axe           ||    11
       Headbutt          ||     2
Armor: Scale mail        ||     4
Dodge: Dodged            ||     7
Block: Buckler           ||     2
